 Dungeon Crawl Stone Soup version 0.27-a0-1051-g288ea87c7c (webtiles) character file.

Game seed: 14087118853176366327

2404 gimp the Archer (level 9, -5/97 HPs)
             Began as a Djinni Wanderer on Apr 20, 2021.
             Was an Elder of Jiyva.
             Slain by Harold
             ... wielding a +0 battleaxe
              (11 damage)
             ... on level 8 of the Dungeon.
             The game lasted 00:15:04 (5746 turns).

gimp the Archer (Djinni Wanderer)                   Turns: 5746, Time: 00:15:05

Health: -5/97      AC: 13    Str: 22    XL:     9   Next: 47%
Gold:   356        EV: 12    Int: 13    God:    Jiyva [****..] SH:  0 Dex: 10

rFire    + + .     SeeInvis .   b - +0 flail
rCold    x . .     Faith    .   (no shield)
rNeg     . . .     Spirit   .   k - +0 chain mail
rPois    ∞         Reflect  .   (no helmet)
rElec    .         Harm     .   n - +1 cloak
rCorr    +         Rampage  .   (no gloves)
Will     .....                  (boots unavailable)
Stlth    ..........             j - amulet of regeneration
HPRegen  1.26/turn              h - +6 ring of strength
MPRegen  0.00/turn              i - +4 ring of evasion

@: mighty, berserking (expiring), marked, flying, very quick
A: fire resistance 2, cold vulnerability 1, float, innate caster, hp casting,
extra vitality 1, iridescent scales 1, dopey 1
a: Renounce Religion, Request Jelly, Slimify


You were on level 8 of the Dungeon.
You worshipped Jiyva.
Jiyva was greatly pleased with you.
You visited 2 branches of the dungeon, and saw 9 of its levels.
You also visited: Sewer.

You collected 356 gold pieces.

Inventory:

Hand Weapons
 a - a +3 shortbow
 b - a +0 flail (weapon)
 f - a +0 dagger
 p - a +0 whip
 x - a +0 dagger
Missiles
 g - 105 arrows
 q - 10 poisoned darts (quivered)
 r - 4 atropa-tipped darts
Armour
 k - a +0 chain mail (worn)
 n - a +1 cloak (worn)
Jewellery
 h - a +6 ring of strength (left hand)
 i - a +4 ring of evasion (right hand)
 j - an amulet of regeneration (around neck)
Wands
 y - a wand of acid (4)
Scrolls
 d - 2 scrolls of teleportation
 m - a scroll of magic mapping
 s - 3 scrolls of fog
Potions
 c - a potion of curing
 e - 2 potions of flight {unknown}
 l - a potion of haste
 o - a potion of resistance
 t - a potion of degeneration {unknown}
 v - a potion of heal wounds {unknown}


   Skills:
 - Level 5.0 Fighting
 - Level 2.4 Polearms
 + Level 9.2 Bows
 - Level 4.0 Armour
 - Level 2.4 Stealth


You couldn't memorise any spells.
You knew the following spells:

 Your Spells              Type           Power      Damage    Failure   Level
a - Sting                 Tmut/Pois      0%         1d3       95%         1
b - Blink                 Tloc           N/A        N/A       98%         2
c - Wereblood             Tmut           0%         N/A       98%         2
d - Summon Guardian Gole  Hex/Summ       0%         N/A       100%        3
Your spell library was empty.


Dungeon Overview and Level Annotations

Branches:
Dungeon (8/15)             Temple (1/1) D:4           Sewer (visited)
   Lair: D:8-11

Altars:
Ashenzari
Cheibriados
Dithmenos
Elyvilon
Gozag
Okawaru
Uskayaw
Xom
Yredelemnul
Zin
The Shining One
Jiyva

Annotations:
D:8 Harold


Innate Abilities, Weirdness & Mutations

You are immune to poison.
Your flesh is very heat resistant. (rF++)
You are vulnerable to cold. (rC-)
You float through the air rather than walking.
You learn spells naturally, not from books.
Your magical power is your life essence.
You have superior vitality. (+4 HP)
You are partially covered in iridescent scales. (AC +2)
You are dopey. (Int -2)


Message History

The arrow hits the wight.
The wight is severely damaged.
Harold hits you with a +0 battleaxe!
You take 10 damage, and have 38/65 hp.
You shoot an arrow. The arrow hits Harold!
Harold is moderately wounded.
The wight misses you. Harold barely misses you.
Do you really want to go berserk while wielding your +3 shortbow?
A red film seems to cover your vision as you go berserk!
You feel yourself moving faster!
You feel mighty! The wight hits you with a +0 scimitar.
Harold barely misses you.
You now have 55/97 hp.
b - a +0 flail (weapon)
You feel a strong urge to attack something.
You closely miss Harold.
Harold is moderately wounded.
The wight closely misses you. Harold hits you with a +0 battleaxe!!
You take 20 damage, and have 36/97 hp.
MASSIVE DAMAGE!!
You hit Harold but do no damage.
Harold is moderately wounded.
The wight barely misses you. Harold hits you but does no damage.
You barely miss Harold.
Harold is moderately wounded.
The wight barely misses you. Harold hits you with a +0 battleaxe!!
* * * LOW HITPOINT WARNING * * *
You take 18 damage, and have 19/97 hp.
You sock Harold!
Harold is moderately wounded.
The wight hits you with a +0 scimitar.
* * * LOW HITPOINT WARNING * * *
Harold hits you with a +0 battleaxe!
* * * LOW HITPOINT WARNING * * *
You take 11 damage, and have 8/97 hp.
Okay, then.
You barely miss Harold.
Harold is moderately wounded.
The wight hits you with a +0 scimitar.
* * * LOW HITPOINT WARNING * * *
Harold hits you with a +0 battleaxe!
You die...

###.....####..
........<..#.####
######)##.[.).. ###
#)##....##
.....#####.##....#
.........))##.##.#
...########....#.#####
#z#.......<#
#@##.#.###.# ###
#@##.# # ..
#z##.#.###.# #.
#z#........#
#.###.#.#####>.#
##.....)<# #......#)#
#..z####.# .......@#
#.#


You could see Harold and 3 wights.

Vanquished Creatures
  Psyche (D:8)
  A wraith (D:7)
  A water moccasin (D:7)
  2 sky beasts (D:6)
  An ice beast (D:5)
  A black bear (D:5)
  An ogre (D:5)
  2 necrophages (D:5)
  4 centaurs (D:7)
  A kobold brigand (D:7)
  A bullfrog (D:7)
  2 scorpions (D:5)
  A gnoll sergeant (D:8)
  A wyvern skeleton (D:7)
  A wight (D:8)
  2 centaur zombies
  A hound (D:6)
  3 orc priests (D:7)
  4 iguanas
  2 orc wizards
  4 gnolls (D:8)
  A howler monkey skeleton (D:6)
  10 adders
  A white imp (D:6)
  6 dart slugs
  19 orcs
  4 bats
  3 endoplasms
  11 giant cockroaches
  6 goblins
  3 hobgoblins
  9 jackals
  11 quokkas
  10 ball pythons
  7 frilled lizards
  13 kobolds
  2 rats
153 creatures vanquished.

Vanquished Creatures (others)
  A steam dragon (D:7)
  A centaur (D:7)
  2 bullfrogs (Sewer)
  7 jellies
  A bullfrog skeleton (D:6)
  An iguana (D:6)
  An adder (D:4)
  An ufetubus (D:6)
  2 orcs
  4 ball pythons (Sewer)
  12 endoplasms
  5 giant cockroaches (Sewer)
  3 quokkas (Sewer)
  5 frilled lizards (Sewer)
  A spectral orc (D:4)
  9 plants
56 creatures vanquished.

Grand Total: 209 creatures vanquished

Notes
Turn   | Place    | Note
-------+----------+-------------------------------------------
     0 | D:1      | gimp the Djinni Wanderer began the quest for the Orb.
     0 | D:1      | Reached XP level 1. HP: 18/18 MP: 0/0
   343 | D:1      | Reached XP level 2. HP: 9/24 MP: 0/0
   902 | D:1      | Reached skill level 2 in Bows
  1129 | D:1      | Reached XP level 3. HP: 30/30 MP: 0/0
  1129 | D:1      | Learned a level 1 spell: Sting
  1590 | D:2      | Found a glowing silver altar of Zin.
  1726 | D:2      | Found a faded altar of an unknown god.
  1738 | D:2      | Became a worshipper of Jiyva Jusysic the Shapeless
  1738 | D:2      | Reached * piety under Jiyva
  2068 | D:3      | Reached XP level 4. HP: 34/35 MP: 0/0
  2367 | D:3      | Reached ** piety under Jiyva
  2498 | D:4      | Reached XP level 5. HP: 26/41 MP: 0/0
  2498 | D:4      | Learned a level 2 spell: Blink
  2737 | D:4      | Found a white marble altar of Elyvilon.
  2751 | D:4      | Found a staircase to the Ecumenical Temple.
  3042 | D:4      | Found a basalt altar of Yredelemnul.
  3092 | Temple   | Entered the Ecumenical Temple
  3122 | D:5      | Entered Level 5 of the Dungeon
  3137 | D:5      | Noticed an ogre
  3144 | D:5      | Killed an ogre
  3145 | D:5      | Reached skill level 5 in Fighting
  3145 | D:5      | Reached skill level 3 in Bows
  3145 | D:5      | Reached XP level 6. HP: 40/49 MP: 0/0
  3184 | D:5      | Reached skill level 1 in Armour
  3193 | D:5      | Noticed a necrophage
  3198 | D:5      | Killed a necrophage
  3219 | D:5      | Reached XP level 7. HP: 54/54 MP: 0/0
  3219 | D:5      | Learned a level 2 spell: Wereblood
  3292 | D:5      | Reached skill level 4 in Bows
  3417 | D:5      | Reached skill level 5 in Bows
  3520 | D:5      | Found an opulent altar of Gozag.
  3536 | D:5      | Reached XP level 8. HP: 53/59 MP: 0/0
  3765 | D:5      | Found a broken altar of Ashenzari.
  3767 | D:5      | Found a shimmering altar of Xom.
  3772 | D:5      | Found a hide-covered altar of Uskayaw.
  3907 | D:6      | Found a glowing drain.
  3922 | Sewer    | Entered a sewer
  3926 | Sewer    | Reached *** piety under Jiyva
  3927 | Sewer    | Gained mutation: You are dopey. (Int -2) [Jiyva's grace]
  4329 | D:6      | Reached skill level 6 in Bows
  4709 | D:6      | Found a shadowy altar of Dithmenos.
  4961 | D:7      | Noticed a wraith
  4963 | D:7      | Reached skill level 7 in Bows
  5063 | D:7      | Killed a wraith
  5126 | D:7      | Reached skill level 8 in Bows
  5126 | D:7      | Reached XP level 9. HP: 65/65 MP: 0/0
  5126 | D:7      | Learned a level 3 spell: Summon Guardian Golem
  5163 | D:7      | Found an iron altar of Okawaru.
  5198 | D:7      | Gained mutation: You are partially covered in iridescent
                  | scales. (AC +2) [Jiyva's grace]
  5229 | D:7      | Reached **** piety under Jiyva
  5705 | D:8      | Noticed Psyche
  5714 | D:8      | Noticed Harold
  5727 | D:8      | Killed Psyche
  5728 | D:8      | Reached skill level 9 in Bows
  5746 | D:8      | Slain by Harold

Illustrated notes

Levels and vault maps discovered:
D:1:      psy_arrival_fountain, layout_loops_ring, kennysheep_crisscross
D:2:      layout_basic, hellmonk_ecumenical_altar_dog_temple, basic_altar
D:3:      minmay_octagon_keep, layout_rooms, serial_bayou_crossing
D:4:      layout_basic, yredelemnul_forgotten_temple_becter,
          nicolae_overflow_hidden_temple, minmay_temple_entry_large_hall
D:5:      layout_basic, amcnicky_altar_gilded, minitemple, grunt_ministairs_13
D:6:      layout_basic, nicolae_dithmenos_through_a_glass_darkly,
          portal_sewer_entry_d, corexii_shack, nrook_pool_corridor,
          hangedman_decor_opposing, hangedman_abyss_or_decor_passed
D:7:      layout_rooms, general_overflow_altar, minmay_misc_feat_tower,
          minmay_manual_monstrance
D:8:      layout_loops_ring, amethyst_overflow_temple_binary, serial_shops,
          kennysheep_little_box, grunt_ministairs_14, uniq_harold, uniq_erica,
          uniq_psyche, uniq_grum
Temple:   compressed_dpeg_triangle_lava_temple

Skill      XL: |  1  2  3  4  5  6  7  8  9 |
---------------+----------------------------+-----
Bows           | 2 3 5 8 9 |  9.2
Fighting       | 3 4 5 |  5.0
Armour         | 2 4 |  4.0
Polearms       | |  2.4
Stealth        | |  2.4

Action                   |  1- 3 |  4- 6 |  7- 9 || total
-------------------------+-------+-------+-------++-------
Melee: Whip              |   134 |    47 |       ||   181
       Flail             |       |    71 |   376 ||   447
 Fire: Shortbow          |    24 |    24 |    64 ||   112
  Use: Scroll            |       |     8 |     5 ||    13
       Potion            |       |       |     1 ||     1
 Stab: Sleeping          |     5 |       |       ||     5
Armor: Robe              |    12 |       |       ||    12
       Chain mail        |    54 |    82 |   339 ||   475
Dodge: Dodged            |    72 |    65 |   392 ||   529

Table legend: (Time is in decaauts)
 A = Elapsed time spent in this place.
 B = Non-inter-level travel time spent in this place.
 C = Inter-level travel time spent in this place.
 D = Time resting spent in this place.
 E = Time spent auto-exploring this place.
 F = Levels seen in this place.
 G = Mean time per level.
                   A        B        C        D        E       F      G
               +--------+--------+--------+--------+--------+-----+--------+
         Total |   5961 |   5768 |    193 |     18 |   3904 |  10 |  596.1 |
       Dungeon |   5659 |   5466 |    193 |     18 |   3881 |   8 |  707.4 |
        Temple |      1 |      1 |      0 |      0 |      0 |   1 |    1.0 |
         Sewer |    300 |    300 |      0 |      0 |     23 |   1 |  300.0 |
               +--------+--------+--------+--------+--------+-----+--------+

Top non-repeatable levels by time:
     D:1: 1179 daAuts
     D:6: 818 daAuts
     D:5: 783 daAuts
     D:7: 730 daAuts
     D:2: 710 daAuts
     D:4: 658 daAuts
     D:3: 607 daAuts
   Sewer: 300 daAuts
     D:8: 171 daAuts
  Temple: 1 daAuts
